 Dungeon Crawl Stone Soup version 0.29-a0-275-g389c0b56f3 (webtiles) character file.

Game seed: 18141747339106903585

70 Ordine the Slasher (level 4, -4/27 HPs)
             Began as a Tengu Warper on Mar 10, 2022.
             Slain by Grinder (5 damage)
             ... on level 3 of the Dungeon.
             The game lasted 00:03:31 (2263 turns).

Ordine the Slasher (Tengu Warper)                   Turns: 2263, Time: 00:03:32

Health: -4/27      AC:  3    Str: 12    XL:     4   Next: 22%
Magic:  8/8        EV: 12    Int: 13    God:
Gold:   147        SH:  0    Dex: 15    Spells: 5/7 levels left

rFire   + . .      SeeInvis .   a - +0 falchion
rCold   . . .      Faith    .   (no shield)
rNeg    . . .      Spirit   .   g - +0 leather armour
rPois   .          Reflect  .   (helmet restricted)
rElec   .          Harm     .   (no cloak)
rCorr   .          Rampage  .   (no gloves)
Will    .....                   (boots unavailable)
Stlth   +.........              (no amulet)
HPRegen 0.09/turn               p - ring of protection from fire
MPRegen 0.11/turn               (no ring)

@: mighty, flying
A: beak, talons 3
a: no special abilities


You were on level 3 of the Dungeon.
You visited 1 branch of the dungeon, and saw 3 of its levels.

You collected 147 gold pieces.

Inventory:

Hand Weapons
 a - a +0 falchion (weapon)
 b - a +2 dagger of venom
Missiles
 d - 7 boomerangs of dispersal
Armour
 g - a +0 leather armour (worn)
Jewellery
 p - a ring of protection from fire (left hand)
Scrolls
 c - a scroll of blinking
 f - a scroll of amnesia {unknown}
 i - a scroll of brand weapon {unknown}
 j - a scroll of identify {unknown}
 n - a scroll of torment {unknown}
 o - a scroll of vulnerability {unknown}
Potions
 k - a potion of might
 l - a potion of flight
 m - a potion of mutation {unknown}


   Skills:
 + Level 2.7 Fighting
 * Level 3.7 Long Blades
 + Level 2.0 Throwing
 - Level 1.1 Armour
 - Level 2.1 Dodging
 - Level 2.0 Spellcasting
 - Level 2.4 Translocations


You had 5 spell levels left.
You knew the following spells:

 Your Spells              Type           Power      Damage    Failure   Level
a - Blink                 Tloc           14%        N/A       19%         2

Your spell library contained the following spells:

 Spells                   Type           Power      Damage    Failure   Level
 Gell's Gravitas          Tloc           7%         N/A       36%         3
 Lesser Beckoning         Tloc           7%         N/A       36%         3
 Teleport Other           Tloc           7%         N/A       36%         3
 Manifold Assault         Tloc           7%         N/A       98%         5


Dungeon Overview and Level Annotations

Branches:
Dungeon (3/15)

Altars:

Annotations:
D:3 Grinder


Innate Abilities, Weirdness & Mutations

You have a beak for a mouth.
You have claws for feet.


Message History

You hear the brisk rusting of a drain nearby.
An orc comes into view. It is wielding a +0 club.
An orc comes into view. It is wielding a +0 hand axe. x2
A jelly comes into view.
An endoplasm comes into view.
A frilled lizard comes into view.
An orc comes into view. It is wielding a +0 flail.
The orc shouts! x3; The frilled lizard hisses angrily.
The endoplasm quivers.
The jelly quivers.
A ball python comes into view.
The ball python hisses angrily.
You slash Grinder!
Grinder is moderately wounded.
Grinder barely misses you.
You barely miss Grinder. Your kick misses Grinder.
Grinder is moderately wounded.
Grinder hits you!
You writhe in agony.
You closely miss Grinder. Your punch misses Grinder.
Grinder is moderately wounded.
Grinder hits you.
You writhe in agony.
* * * LOW HITPOINT WARNING * * *
You closely miss Grinder. Your peck misses Grinder.
Grinder is moderately wounded.
Grinder misses you.
Okay, then.
You feel better. Grinder barely misses you.
You hit Grinder. You claw Grinder!
Grinder is severely wounded.
Grinder hits you.
* * * LOW HITPOINT WARNING * * *
You hit Grinder. You claw Grinder.
Grinder is almost dead.
Grinder gestures at you.
You barely resist. Grinder hits you.
* * * LOW HITPOINT WARNING * * *
You hit Grinder. Your kick misses Grinder.
Grinder is almost dead.
Grinder hits you.
* * * LOW HITPOINT WARNING * * *
You writhe in agony.
You die...

♣......##.#.####...##
♣♣......#.#......###
♣♣...........####
♣♣##....#####
#..†....# #....####
###########..## #..
..............##....#
.....#####...@5oo#
### ##...#JJo.$.
#.....#


oS... ....#.[## l... #####..# ... ##.. .. #..# . #. You could see Grinder, a
jelly, 4 orcs, an endoplasm, a ball python and a frilled lizard.

Vanquished Creatures
  3 adders
  A dart slug (D:1)
  A ball python (D:3)
  5 bats
  3 endoplasms
  2 giant cockroaches
  6 goblins
  A hobgoblin (D:1)
  3 quokkas
  7 frilled lizards
  4 kobolds
  5 rats
41 creatures vanquished.

Notes
Turn   | Place    | Note
-------+----------+-------------------------------------------
     0 | D:1      | Ordine the Tengu Warper began the quest for the Orb.
     0 | D:1      | Reached XP level 1. HP: 12/12 MP: 4/4
    64 | D:1      | You fall into a shaft and drop 1 floor!
    98 | D:2      | Reached XP level 2. HP: 15/17 MP: 6/6
   146 | D:2      | Learned a level 2 spell: Blink
   371 | D:1      | Reached skill level 3 in Long Blades
   548 | D:1      | Reached XP level 3. HP: 16/22 MP: 7/7
   877 | D:1      | Found a faded altar of an unknown god.
  2049 | D:3      | Reached XP level 4. HP: 27/27 MP: 8/8
  2248 | D:3      | Noticed Grinder
  2263 | D:3      | HP: 1/27 [Grinder (1)]
  2263 | D:3      | Slain by Grinder

Illustrated notes

Levels and vault maps discovered:
D:1:      dpeg_arrival_chambers_temple_mockup, layout_rooms,
          hellmonk_ecumenical_altar_crossroads, minmay_lizard_pond
D:2:      layout_basic
D:3:      minmay_evil_eye, layout_rooms, portal_sewer_entry_d, uniq_grinder,
          uniq_crazy_yiuf_cottage

Skill      XL: |  1  2  3 |
---------------+----------+-----
Long Blades    | 3 |  3.7
Throwing       | 2 |  2.0
Fighting       | |  2.7
Armour         | |  1.1
Dodging        | |  2.1
Spellcasting   | |  2.0
Translocations | |  2.4

Action                   |  1- 3 |  4- 6 || total
-------------------------+-------+-------++-------
Melee: Falchion          |    78 |    17 ||    95
       Peck              |    13 |     1 ||    14
       Kick              |    15 |     3 ||    18
  Use: Potion            |       |     5 ||     5
 Stab: Sleeping          |     1 |       ||     1
Armor: Leather armour    |    19 |     1 ||    20
Dodge: Dodged            |    45 |     9 ||    54

Table legend: (Time is in decaauts)
 A = Elapsed time spent in this place.
 B = Non-inter-level travel time spent in this place.
 C = Inter-level travel time spent in this place.
 D = Time resting spent in this place.
 E = Time spent auto-exploring this place.
 F = Levels seen in this place.
 G = Mean time per level.
                   A        B        C        D        E       F      G
               +--------+--------+--------+--------+--------+-----+--------+
         Total |   2277 |   2115 |    162 |      0 |   1848 |   3 |  759.0 |
       Dungeon |   2277 |   2115 |    162 |      0 |   1848 |   3 |  759.0 |
               +--------+--------+--------+--------+--------+-----+--------+

Top non-repeatable levels by time:
     D:1: 1126 daAuts
     D:2: 886 daAuts
     D:3: 264 daAuts
